Map: Lerilak Crest

Players

capac

  • Race: Terran Terran
  • League: Gold

chikenDrakon - Winner!

  • Race: Zerg Zerg
  • League: Gold

VOD

Have the link to the VOD?

Description

Time

  • Played on: March 3, 2016, 1:06 p.m.
  • Length: 6:30
Show
View Real Time Build Order
Export as new Build Order

capac Terran 

Build Orders:  

Get SALT Encoding   

  12  0:00  SCV  
  13  0:13  SCV  
  14  0:17  Supply Depot  
  14  0:25  SCV  
  15  0:39  SCV  
  15  0:40  Barracks  
  16  0:45  Refinery  
  16  0:51  SCV  
  17  1:03  SCV  
  18  1:15  SCV  
  19  1:27  SCV  
  19  1:29  Barracks Reactor  
  20  1:35  Command Center  
  20  1:41  SCV  
  21  1:57  Orbital Command  
  21  2:09  Marine x2  
  21  2:12  Barracks  
  21  2:14  Supply Depot  
  23  2:27  Marine x2  
  24  2:45  Marine x2  
  24  2:46  Refinery, Factory  
  26  2:57  Orbital Command  
  26  3:01  Barracks Tech Lab  
  26  3:11  SCV  
  26  3:12  Bunker  
  27  3:16  Marine  
  27  3:19  Marine  
  29  3:21  Marine  
  30  3:28  SCV  
  31  3:38  SCV  
  31  3:41  Marine x2  
  32  3:43  Marine  
  32  3:44  Factory Tech Lab  
  32  3:47  Stimpack  
  35  3:48  SCV  
  36  4:00  SCV  
  36  4:02  SCV  
  38  4:03  Siege Tank  
  41  4:11  Supply Depot  
  41  4:12  Marine x3  
  44  4:17  Starport  
  41  4:50  Marine x3  
  41  5:07  Marine  
  34  5:17  Siege Tank  
  36  5:22  Liberator  
  36  5:24  Supply Depot  
  36  5:36  Supply Depot  
  37  5:42  Factory  
  37  5:45  Barracks  
  30  5:57  Widow Mine  
  32  6:04  Marine x2  
Show
View Real Time Build Order
Export as new Build Order

chikenDrakon Zerg - Winner!

Build Orders: Pool First, Ravager All-In 

Get SALT Encoding   

  12  0:01  Drone  
  13  0:11  Drone  
  14  0:25  Overlord  
  14  0:28  Overlord  
  14  0:42  Spawning Pool  
  13  0:46  Drone  
  15  0:50  Drone  
  15  0:58  Drone x2  
  15  1:03  Extractor  
  16  1:09  Drone  
  17  1:20  Drone  
  18  1:29  Queen  
  20  1:42  Hatchery  
  20  1:46  Drone  
  20  1:49  Drone  
  21  2:04  Roach Warren  
  20  2:16  Zergling x2  
  20  2:20  Drone x2  
  23  2:29  Drone  
  24  2:42  Overlord  
  24  2:46  Overlord  
  24  2:56  Roach x2  
  24  2:57  Roach  
  30  2:58  Overlord  
  30  3:15  Roach x3  
  30  3:16  Roach x2  
  30  3:19  Ravager  
  41  3:24  Drone  
  41  3:25  Extractor  
  41  3:27  Drone  
  42  3:42  Drone  
  42  3:43  Drone x2  
  45  3:50  Drone x2  
  45  3:53  Overlord  
  47  4:05  Ravager  
  47  4:06  Ravager  
  49  4:21  Ravager  
  50  4:42  Ravager x2  
  52  5:12  Roach x4  
  52  5:13  Roach x3  
Tags
 
Add a new tag
Caveats
  • Supply blocks, unpowered buildings, or Contaminate may cause inaccurate times.
  • Supply counts are checked every 10 seconds.